 Dungeon Crawl Stone Soup version 0.25.1-2-g60ff931df9 (webtiles) character file.

Game seed: 15448363760775892212

173 Morbidden the Sneak (level 5, -7/45 HPs)
             Began as a Draconian Assassin on July 30, 2020.
             Killed by divine providence
             ... invoked by an orc priest
              (12 damage)
             ... on level 3 of the Dungeon.
             The game lasted 00:04:40 (2682 turns).

Morbidden the Sneak (Draconian Assassin)            Turns: 2682, Time: 00:04:42

Health: -7/45      AC:  6    Str: 13    XL:     5   Next: 28%
Magic:  7/7        EV: 12    Int: 13    God:
Gold:   194        SH:  0    Dex: 18    Spells: 6/6 levels left

rFire    . . .     SeeInvis .   a - +2 dagger
rCold    . . .     Gourm    .   (no shield)
rNeg     . . .     Faith    .   (armour unavailable)
rPois    .         Spirit   .   (helmet restricted)
rElec    .         Reflect  .   b - +0 cloak
rCorr    .         Harm     .   (no gloves)
MR       .....                  (no boots)
Stlth    +++.......             (no amulet)
HPRegen  0.15/turn              r - +6 ring of dexterity
MPRegen  0.10/turn              (no ring)

@: stab
A: unfitting armour, cold-blooded, AC +5
a: no special abilities


You were on level 3 of the Dungeon.
You were hungry.

You visited 1 branch of the dungeon, and saw 3 of its levels.

You collected 194 gold pieces.

Inventory:

Hand Weapons
 a - a +2 dagger (weapon)
 p - a +0 short sword of holy wrath
Missiles
 c - 5 poisoned darts (quivered)
 d - a curare-tipped dart
 o - 94 stones
Armour
 b - a +0 cloak (worn)
Jewellery
 r - a +6 ring of dexterity (left hand)
Scrolls
 e - 4 scrolls of identify {unknown}
 i - 2 scrolls of immolation {unknown}
 k - a scroll of enchant weapon {unknown}
 m - a scroll of blinking {unknown}
 t - a scroll of remove curse {unknown}
Potions
 g - a potion of berserk rage {unknown}
 h - a potion of heal wounds {unknown}
 j - a potion of stabbing
 l - a potion of might {unknown}
 n - a potion of curing {unknown}
 q - a potion of degeneration {unknown}
Comestibles
 f - 9 rations
 s - 8 chunks of flesh


   Skills:
 * Level 3.1 Fighting
 + Level 3.1 Short Blades
 + Level 2.4 Throwing
 + Level 1.7 Dodging
 + Level 4.3 Stealth
 * Level 1.3 Spellcasting


You had 6 spell levels left.
You didn't know any spells.
Your spell library was empty.

Dungeon Overview and Level Annotations

Branches:
Dungeon (3/15)

Altars:


Innate Abilities, Weirdness & Mutations

Your plain brown scales are hard. (AC +5)
You cannot fit into any form of body armour.
You are cold-blooded and may be slowed by cold attacks.


Message History

Unknown command.
Unknown command.
You hit the orc priest.
The orc priest is almost dead.
The orc priest mumbles some strange prayers to Beogh against you.
Beogh smites you!
The orc priest invokes the aid of Beogh against you.
Pain shoots through your body!
* * * LOW HITPOINT WARNING * * *
Throwing (i - inventory. (/) - cycle)
c - 5 poisoned darts (quivered)
Press: ? - help, Shift-Dir - straight line, f/p - orc
Aim: an orc, wearing a +0 ring mail
Okay, then.
It was a potion of stabbing.
You feel ready to backstab. The orc priest hits you.
* * * LOW HITPOINT WARNING * * *
The orc priest invokes the aid of Beogh against you.
Beogh smites you!
You die...

.. . #+ ## ####.#
#.oo##(##..#. #≈
#o.o(...#...###≈≈≈≈≈≈###.#
#.#..........≈≈....#
#o#...........≈≈...#
#.#@......≈≈....≈..#
#ooo.....≈..≈≈..≈..#
###......≈....≈≈...#
######.......≈≈⌠.......
#.....#.......⌠≈≈......
#..........≈≈....≈.....
#.........≈..≈≈..≈..÷..
#.........≈....≈≈.....#
#......#...≈≈.......).#


You could see 2 orc priests and an orc.

Vanquished Creatures
  2 orc priests
  An orc wizard (D:3)
  An adder (D:3)
  An ooze (D:2)
  2 worms (D:2)
  3 dart slugs
  A leopard gecko (D:3)
  15 orcs
  10 bats
  2 giant cockroaches (D:2)
  3 goblins
  3 hobgoblins
  A frilled lizard (D:2)
  3 kobolds
  5 rats
53 creatures vanquished.

Notes
Turn   | Place    | Note
-------+----------+-------------------------------------------
     0 | D:1      | Morbidden the Draconian Assassin began the quest for the
                  | Orb.
     0 | D:1      | Reached XP level 1. HP: 17/17 MP: 1/1
    50 | D:1      | Reached skill level 1 in Dodging
   323 | D:1      | Reached XP level 2. HP: 24/24 MP: 2/2
   799 | D:2      | Reached skill level 4 in Stealth
   997 | D:2      | Reached XP level 3. HP: 29/29 MP: 3/3
  1803 | D:2      | Reached XP level 4. HP: 27/37 MP: 3/5
  1837 | D:3      | Reached skill level 1 in Spellcasting
  2444 | D:3      | Reached XP level 5. HP: 45/45 MP: 6/6
  2682 | D:3      | Killed from afar by an orc priest

Illustrated notes

Levels and vault maps discovered:
D:1:      arrival_zaba_pyramid, layout_basic
D:2:      layout_loops_ring
D:3:      cheibrodos_helix_gallery, layout_rooms,
          nicolae_qazlal_eye_of_the_storm, nemelex_altar_shiori

Skill      XL: |  1  2  3  4 |
---------------+-------------+-----
Dodging        | 1 |  1.7
Throwing       | 2 |  2.4
Stealth        | 4 |  4.3
Spellcasting   | 1 |  1.3
Fighting       | 3 |  3.1
Short Blades   | 3 |  3.1

Action                   |  1- 3 |  4- 6 || total
-------------------------+-------+-------++-------
Melee: Dagger            |    94 |    68 ||   162
       Tailslap          |     9 |     8 ||    17
Throw: Dart              |    13 |    35 ||    48
       Stone             |       |     5 ||     5
  Use: Potion            |       |     1 ||     1
 Stab: Sleeping          |     6 |       ||     6
  Eat: Chunk             |     1 |     4 ||     5
Armor: Skin              |    22 |    30 ||    52
Dodge: Dodged            |    49 |    41 ||    90
